 Dungeon Crawl Stone Soup version 0.29-a0-668-g12ee2bf84d (webtiles) character file.

Game seed: 12694364619145386096

42 Vylera the Skirmisher (level 3, -2/30 HPs)
             Began as a Djinni Wanderer on June 23, 2022.
             Was a Believer of Fedhas.
             Slain by a goblin
             ... wielding a +0 club
             ... led by Robin
              (4 damage)
             ... on level 1 of the Dungeon.
             The game lasted 00:03:09 (1180 turns).

Vylera the Skirmisher (Djinni Wanderer)             Turns: 1180, Time: 00:03:10

Health: -2/30      AC:  2    Str: 12    XL:     3   Next: 80%
Gold:   58         EV:  7    Int: 15    God:    Fedhas [**....] SH:  6 Dex: 11

rFire   + + .      SeeInvis .   a - +1 mace
rCold   x . .      Faith    .   b - +2 buckler
rNeg    . . .      Spirit   .   d - +0 robe
rPois   ∞          Reflect  .   (no helmet)
rElec   .          Harm     .   (no cloak)
rCorr   .          Rampage  .   (no gloves)
Will    .....                   (boots unavailable)
Stlth   +.........              (no amulet)
HPRegen 0.10/turn               (no ring)
MPRegen 0.00/turn               (no ring)

@: about to teleport, flying, constricted, invisible
A: sickness immunity, fire resistance 2, cold vulnerability 1, float, innate
caster, HP casting, extra vitality 1
a: Renounce Religion, Wall of Briars


You were on level 1 of the Dungeon.
You worshipped Fedhas.
Fedhas was pleased with you.
You visited 1 branch of the dungeon, and saw 2 of its levels.

You collected 58 gold pieces.

Inventory:

Hand Weapons
 a - a +1 mace (weapon)
Armour
 b - a +2 buckler (worn)
 d - a +0 robe (worn)
Scrolls
 f - 4 scrolls of identify
Potions
 c - a potion of mutation
 h - a potion of flight {unknown}


   Skills:
 - Level 3.0 Fighting
 * Level 2.4 Maces & Flails
 + Level 2.5 Shields
 + Level 1.9 Spellcasting
 + Level 0.5 Invocations
 - Level 1.0 Evocations


You had 4 spell levels left.
You knew the following spells:

 Your Spells              Type           Power      Damage    Failure   Level
a - Foxfire               Conj/Fire      28%        2x1d5     13%         1
Your spell library was empty.

Dungeon Overview and Level Annotations

Branches:
Dungeon (2/15)

Altars:
Fedhas
Beogh

Shops:
D:1 [

Annotations:
D:2 Robin


Innate Abilities, Weirdness & Mutations

You are immune to sickness and miasma.
You are immune to poison.
Your flesh is very heat resistant. (rF++)
You are vulnerable to cold. (rC-)
You float through the air rather than walking.
You learn spells naturally, not from books.
Your magical power is your life essence.
You have superior vitality. (+4 MHP)


Message History

The goblins go into a battle-frenzy!
The hobgoblin hits you.
The goblin hits you with a +1 dagger of speed.
You fly upwards.
There is a stone staircase leading down here.
As you read the scroll labelled WAWOSK WEFRO, it crumbles to dust.
It is a scroll of identify.
i - a scroll of teleportation The ball python barely misses you.
The ball python closely misses you. The hobgoblin barely misses you.
The goblin hits you with a +1 dagger of speed.
The goblin hits you with a +0 club.
As you read the scroll of teleportation, it crumbles to dust.
You feel strangely unstable.
The ball python bites you but does no damage.
The ball python grabs you. The ball python constricts you.
The goblin hits you with a +1 dagger of speed.
The hobgoblin hits you but does no damage.
The goblin hits you but does no damage.
The goblin hits you with a +1 dagger of speed.
The ball python bites you.
* * * LOW HITPOINT WARNING * * *
The ball python constricts you.
It was a potion of magic.
Magic washes over you without effect. You block the goblin's attack.
The hobgoblin hits you but does no damage.
The goblin hits you with a +0 club.
* * * LOW HITPOINT WARNING * * *
You block the ball python's attack. The ball python constricts you.
* * * LOW HITPOINT WARNING * * *
The goblin hits you with a +1 dagger of speed.
* * * LOW HITPOINT WARNING * * *
It was a potion of invisibility.
You fade into invisibility!
The ball python bites you but does no damage.
The ball python constricts you. The hobgoblin hits you.
* * * LOW HITPOINT WARNING * * *
The goblin hits you with a +0 club.
You die...
Fedhas appreciates your contribution to the ecosystem.

.#############.......# #.#
....#########..####..####
#.#
###...........##........##
###
#############..........##
#............#
#............#
#..g.........#
##Sgg.......##
##@gg##...## ##########


You could see a hobgoblin (strong, can't see you), 4 goblins and a ball python
(can't see you).

Vanquished Creatures
  2 dart slugs (D:1)
  4 ball pythons (D:1)
  5 bats (D:1)
  4 endoplasms (D:1)
  2 giant cockroaches (D:1)
  2 goblins (D:1)
  4 hobgoblins (D:1)
  2 quokkas (D:1)
  A frilled lizard (D:1)
  3 kobolds (D:1)
  6 rats (D:1)
35 creatures vanquished.

Notes
Turn   | Place    | Note
-------+----------+-------------------------------------------
     0 | D:1      | Vylera the Djinni Wanderer began the quest for the Orb.
     0 | D:1      | Vylera set off with the following items: a +1 mace, a +2
                  | buckler, a potion of mutation, a +0 robe.
     0 | D:1      | Reached XP level 1. HP: 20/20 MP: 0/0
   219 | D:1      | Reached XP level 2. HP: 18/25 MP: 0/0
   363 | D:1      | Found a faded altar of an unknown god.
   366 | D:1      | Prayed at the altar of an unknown god.
   366 | D:1      | Became a worshipper of Fedhas Madash
   366 | D:1      | Reached * piety under Fedhas
   495 | D:1      | Reached XP level 3. HP: 28/30 MP: 0/0
   495 | D:1      | Learned a level 1 spell: Foxfire
   681 | D:1      | Found Xuizavoc's Antique Armour Boutique.
   810 | D:1      | Reached ** piety under Fedhas
  1166 | D:2      | Noticed Robin
  1180 | D:1      | Slain by a goblin

Illustrated notes

Levels and vault maps discovered:
D:1:      onia_arrival_mini_maze_b, layout_rooms,
          hellmonk_ecumenical_altar_defaced_shrine, serial_shops,
          nicolae_shop_hallway_plus, hangedman_decor_riveting
D:2:      layout_rooms, hangedman_decor_push, grunt_ministairs_3,
          nrook_mini_backslash, uniq_robin, uniq_natasha

Skill      XL: |  1  2 |
---------------+-------+-----
Maces & Flails | 2 |  2.4
Fighting       | |  3.0
Shields        | |  2.5
Spellcasting   | |  1.9
Invocations    | |  0.5
Evocations     | |  1.0

Action                   || total
-------------------------++-------
Melee: Mace              ||    99
  Use: Scroll            ||     2
       Potion            ||     2
Armor: Robe              ||    30
Dodge: Dodged            ||    55
Block: Buckler           ||    47

Table legend: (Time is in decaauts)
 A = Elapsed time spent in this place.
 B = Non-inter-level travel time spent in this place.
 C = Inter-level travel time spent in this place.
 D = Time resting spent in this place.
 E = Time spent auto-exploring this place.
 F = Levels seen in this place.
 G = Mean time per level.
                   A        B        C        D        E       F      G
               +--------+--------+--------+--------+--------+-----+--------+
         Total |   1214 |   1159 |     55 |      0 |    919 |   2 |  607.0 |
       Dungeon |   1214 |   1159 |     55 |      0 |    919 |   2 |  607.0 |
               +--------+--------+--------+--------+--------+-----+--------+

Top non-repeatable levels by time:
     D:1: 1210 daAuts
     D:2: 4 daAuts
